 Dungeon Crawl Stone Soup version 0.30-a0-723-gc1506a1cf0 (webtiles) character file.

Game seed: 18192092722876008290

10 iguanaiguana the Sneak (level 2, -2/24 HPs)
             Began as a Mummy Delver on Jan 28, 2023.
             Slain by a black bear (3 damage)
             ... on level 4 of the Dungeon.
             The game lasted 00:02:08 (104 turns).

iguanaiguana the Sneak (Mummy Delver)                Turns: 104, Time: 00:02:09

Health: -2/24      AC:  3    Str: 15    XL:     2   Next: 10%
Magic:  2/2        EV: 11    Int:  9    God:
Gold:   18         SH:  0    Dex: 13    Spells: 1/1 levels left

rFire   x . .      SeeInvis .    a - +1 short sword
rCold   + . .      Faith    +    (no shield)
rNeg    + + +      Spirit   .    b - +0 leather armour
rPois   ∞          Reflect  .    (no helmet)
rElec   .          Harm     .    (no cloak)
rCorr   .          Rampage  .    (no gloves)
Will    .....                    (no boots)
Stlth   +                        (no amulet)
HPRegen 0.24/turn                (no ring)
MPRegen 0.08/turn                (no ring)

@: silenced
A: cold resistance 1, negative energy resistance 3, torment resistance 2, heat
vulnerability 1, no potions, faith
a: no special abilities


You were on level 4 of the Dungeon.
You visited 1 branch of the dungeon, and saw 2 of its levels.

You collected 18 gold pieces.

Inventory:

Hand Weapons
 a - a +1 short sword (weapon)
Armour
 b - a +0 leather armour (worn)
Wands
 f - a wand of digging (3) {@v3}
 g - a wand of flame (10)
Scrolls
 c - a scroll of fog
 d - a scroll of magic mapping {@r5}
 i - a scroll of teleportation {unknown}


   Skills:
 + Level 3.1 Fighting
 * Level 1.9 Short Blades
 + Level 1.7 Dodging
 + Level 4.2 Stealth


You had one spell level left.
You didn't know any spells.
Your spell library was empty.

Dungeon Overview and Level Annotations

Branches:
Dungeon (5/15) Zot: 11895
 Temple: D:4-7

Altars:

Annotations:
D:5 exclusions: hound, 2 iguanas and phantom


Innate Abilities, Weirdness & Mutations

You are immune to poison.
Your flesh is cold resistant. (rC+)
You are immune to negative energy. (rN+++)
You are immune to unholy pain and torment.
You are vulnerable to heat. (rF-)
You do not drink.
You have a special connection with the divine. (Faith)


Message History

The adder attacks as you move away! The adder bites you.
You see here a scroll labelled SOISOT BOGG.
i - a scroll labelled SOISOT BOGG
As you read the scroll labelled XEOGIP UFAMM, it crumbles to dust.
It is a scroll of enchant weapon.
Your +0 short sword glows red for a moment.
As you read the scroll labelled KYMYNI YREKHLON, it crumbles to dust.
A profound silence engulfs you.
It was a scroll of silence.
The goblin hits you with a +0 club.
The kobold hits you with a +0 short sword.
The adder bites you.
* * * LOW HITPOINT WARNING * * *
The goblin attacks as you move away!
Magic scrolls do not work when you're silenced!
You can't drink.
Aiming: Throw Flame
Press: ? - help, Shift-Dir - straight line The puff of flame hits the adder.
The adder is heavily wounded.
Aiming: Throw Flame
Press: ? - help, Shift-Dir - straight line The puff of flame hits the adder.
You kill the adder!
The jackal bites you.
* * * LOW HITPOINT WARNING * * *
You have reached level 2!
The goblin attacks as you move away!
Aiming: Throw Flame
Press: ? - help, Shift-Dir - straight line The puff of flame hits the goblin!
You kill the goblin!
A scorpion comes into view.
The jackal bites you.
* * * LOW HITPOINT WARNING * * *
The orc attacks as you move away!
Found 10 gold pieces.
The black bear attacks as you move away!
The black bear bites you.
* * * LOW HITPOINT WARNING * * *
The black bear claws you.
You die...

.# ... .# #.# .# ... .##
###.### ##..## # #h...h#
####...$####
###.#.....#..##........##
...(g........##h@## #..##
#.!>..#...wh8o###.8..#
#.....#..s.#)8K#.8.#
###.###....##.8?8.#
......... ##.8)##
#........##.8.8.#
#........#o8.#.8.#
#...$.....8.###.8..#
#......$#..#####$.##


You could see a black bear (unsilenced), a scorpion, a dart slug (unsilenced),
an orc, a jackal and a kobold.

Vanquished Creatures
  An adder (D:4)
  A goblin (D:4)
2 creatures vanquished.

Notes
Turn   | Place    | Note
-------+----------+-------------------------------------------
     0 | D:5      | iguanaiguana the Mummy Delver began the quest for the Orb.
     0 | D:5      | Reached XP level 1. HP: 18/18 MP: 1/1
     7 | D:5      | Noticed an iguana
    11 | D:5      | Noticed an iguana
    14 | D:4      | Noticed a black bear
    28 | D:5      | Noticed a hound
    56 | D:5      | Noticed a phantom
   101 | D:4      | Reached XP level 2. HP: 8/24 MP: 2/2
   102 | D:4      | Noticed a scorpion
   104 | D:4      | HP: 1/24 [black bear (6)]
   104 | D:4      | Slain by a black bear

Illustrated notes

Levels and vault maps discovered:
D:4:      layout_basic, jmf_multi_god_temple2, st_stairs_3, minmay_circle_x
D:5:      layout_basic, lemuel_tele_altar, minmay_overflow_temple_hex,
          temple_fountains, grunt_ministairs_1, nicolae_nh_oracle_at_delphi

Action                     || total
---------------------------++-------
  Evoke: Wand              ||     3
    Use: Scroll            ||     3
 Armour: Leather armour    ||     2
  Dodge: Dodged            ||    11

Table legend: (Time is in decaauts)
 A = Elapsed time spent in this place.
 B = Non-inter-level travel time spent in this place.
 C = Inter-level travel time spent in this place.
 D = Time resting spent in this place.
 E = Time spent auto-exploring this place.
 F = Levels seen in this place.
 G = Mean time per level.
                   A        B        C        D        E       F      G
               +--------+--------+--------+--------+--------+-----+--------+
         Total |    104 |     83 |     21 |      0 |      0 |   2 |   52.0 |
       Dungeon |    104 |     83 |     21 |      0 |      0 |   2 |   52.0 |
               +--------+--------+--------+--------+--------+-----+--------+

Top non-repeatable levels by time:
     D:5: 84 daAuts
     D:4: 19 daAuts
